 Dungeon Crawl Stone Soup version 0.29-a0-330-g52719c12eb (webtiles) character file.

Game seed: 5504098739245718707

602 Travstar the Chopper (level 7, -3/61 HPs)
             Began as a Minotaur Fighter on May 20, 2022.
             Slain by an iguana (5 damage)
             ... on level 4 of the Dungeon.
             The game lasted 00:16:41 (2713 turns).

Travstar the Chopper (Minotaur Fighter)             Turns: 2713, Time: 00:16:41

Health: -3/61      AC:  8    Str: 21    XL:     7   Next: 18%
Magic:  6/6        EV: 10    Int:  5    God:
Gold:   127        SH:  5    Dex: 11    Spells: 6/6 levels left

rFire   . . .      SeeInvis .   a - +0 war axe
rCold   . . .      Faith    .   q - +0 buckler
rNeg    . . .      Spirit   .   b - +0 scale mail
rPois   .          Reflect  .   (helmet restricted)
rElec   .          Harm     .   h - +0 cloak
rCorr   .          Rampage  .   (no gloves)
Will    .....                   (no boots)
Stlth   ..........              (no amulet)
HPRegen 0.20/turn               (no ring)
MPRegen 0.10/turn               (no ring)

@: about to teleport
A: horns 2, retaliatory headbutt
a: no special abilities


You were on level 4 of the Dungeon.
You visited 1 branch of the dungeon, and saw 4 of its levels.

You collected 127 gold pieces.

Inventory:

Hand Weapons
 a - a +0 war axe (weapon)
 x - a +2 dagger of holy wrath
 y - the +9 hunting sling of Kimufamu {freeze, Will- Int+4 SInv}
   (You took it off a goblin on level 3 of the Dungeon)

   Any ammunition fired from it freezes those it strikes, dealing additional
   cold damage.
   It can also slow down cold-blooded creatures.
   Int:       It affects your intelligence (+4).
   SInv:      It lets you see invisible.
   Will:      It decreases your willpower.
Armour
 b - a +0 scale mail (worn)
 c - a +0 buckler
 h - a +0 cloak (worn)
 m - a +0 ring mail
 q - a +0 buckler (worn)
 s - a +2 helmet of see invisible
Wands
 w - a wand of digging (8)
Scrolls
 f - 3 scrolls of teleportation
 g - 5 scrolls of identify {unknown}
 k - a scroll of blinking {unknown}
 l - 2 scrolls of immolation {unknown}
 o - a scroll of magic mapping {unknown}
 t - a scroll of amnesia {unknown}
Potions
 d - a potion of might
 e - 3 potions of haste {unknown}
 i - 3 potions of flight {unknown}
 j - 2 potions of lignification {unknown}
 n - 4 potions of curing {unknown}
 p - a potion of heal wounds {unknown}
 r - 2 potions of mutation {unknown}
 u - a potion of cancellation {unknown}
 v - a potion of ambrosia {unknown}


   Skills:
 + Level 5.1 Fighting
 + Level 6.7 Axes
 + Level 5.5 Armour
 + Level 1.6 Dodging
 + Level 0.3 Stealth
 + Level 4.6 Shields


You had 6 spell levels left.
You didn't know any spells.
Your spell library contained the following spells:

 Spells                   Type           Power      Damage    Failure   Level
 Summon Small Mammal      Summ           0%         N/A       87%         1
 Sublimation of Blood     Necr           0%         N/A       95%         2
 Wereblood                Tmut           0%         N/A       95%         2
 Call Canine Familiar     Summ           0%         N/A       99%         3
 Summon Guardian Golem    Hex/Summ       0%         N/A       99%         3
 Summon Hydra             Summ           0%         N/A       100%        7


Dungeon Overview and Level Annotations

Branches:
Dungeon (4/15)
 Temple: D:4-7

Altars:

Annotations:
D:3 2 runed translucent doors, QuickerDeath's ghost, amateur MfTm


Innate Abilities, Weirdness & Mutations

You have a pair of horns on your head.
You reflexively headbutt those who attack you in melee.


Message History

You barely miss the adder.
The adder is almost dead.
You feel sick. The adder barely misses you. The adder attacks as you move away!
The adder bites you but does no damage.
You feel sick.
You feel sick. The adder completely misses you.
The adder bites you but does no damage.
You feel sick.
The iguana bites you but does no damage.
Found a ring mail.
You feel sick.
You hit the adder but do no damage.
The adder is almost dead.
You feel sick.
You are no longer poisoned.
The adder bites you.
* * * LOW HITPOINT WARNING * * *
You are poisoned.
The adder poisons you! The adder bites you but does no damage.
You barely miss the adder.
The adder is almost dead.
You feel sick. The adder bites you but does no damage.
You slash the adder!
You kill the adder!
You feel sick.
You hit the iguana. Your headbutt misses the iguana.
The iguana is moderately wounded.
You feel sick. The iguana bites you.
* * * LOW HITPOINT WARNING * * *
You block the iguana's attack.
You hit the iguana.
The iguana is severely wounded.
You feel sick. You block the iguana's attack.
As you read the scroll labelled CUILIYXT AFACYF, it crumbles to dust.
You feel strangely unstable.
It was a scroll of teleportation.
You feel sick.
You are no longer poisoned.
The iguana bites you but does no damage.
You hit the iguana but do no damage.
The iguana is severely wounded.
The iguana bites you.
You die...

###.#.##.######## #.
##.#.##.#......# #.
#...........##.#####.
.######....................
........##...#..#.##.######
#...#..##......#>##.#
.#...........##......#
........###.......####
.........l@..######
.........##.##
.........##.# .#!...##.##.#
#.... .....# .....! #.##.#
....#. #.# [# .... #.. ..
... #.[


You could see an iguana.

Vanquished Creatures
  A hornet (D:4)
  A phantom (D:4)
  A necrophage (D:4)
  A scorpion (D:4)
  Jessica (D:3)
  Robin (D:3)
  8 adders
  A worm (D:2)
  3 dart slugs (D:1)
  An orc (D:3)
  11 ball pythons
  4 endoplasms
  4 giant cockroaches
  20 goblins
  6 hobgoblins
  4 jackals (D:1)
  A quokka (D:3)
  2 bats (D:3)
  6 frilled lizards
  6 kobolds
  5 rats
88 creatures vanquished.

Notes
Turn   | Place    | Note
-------+----------+-------------------------------------------
     0 | D:1      | Travstar the Minotaur Fighter began the quest for the Orb.
     0 | D:1      | Reached XP level 1. HP: 19/19 MP: 0/0
   109 | D:1      | Found a faded altar of an unknown god.
   126 | D:1      | Reached XP level 2. HP: 27/27 MP: 1/1
   186 | D:1      | Reached skill level 3 in Axes
   390 | D:1      | Reached XP level 3. HP: 30/33 MP: 2/2
  1239 | D:2      | Reached XP level 4. HP: 35/40 MP: 3/3
  1647 | D:3      | Noticed Robin
  1655 | D:3      | Reached skill level 4 in Axes
  1677 | D:3      | Killed Robin
  1876 | D:3      | Reached XP level 5. HP: 46/47 MP: 4/4
  2061 | D:3      | Found a large runed translucent door.
  2062 | D:3      | Found a large runed translucent door.
  2064 | D:3      | Noticed QuickerDeath's ghost (amateur MfTm)
  2186 | D:3      | Noticed Jessica
  2193 | D:3      | Killed Jessica
  2194 | D:3      | Reached skill level 5 in Axes
  2274 | D:3      | Identified the +9 hunting sling of Kimufamu {freeze, Will-
                  | Int+4 SInv}
  2360 | D:3      | Reached skill level 1 in Dodging
  2556 | D:4      | Noticed a phantom
  2646 | D:4      | Killed a phantom
  2647 | D:4      | Reached XP level 6. HP: 52/53 MP: 5/5
  2674 | D:4      | Noticed a hornet
  2680 | D:4      | Paralysed by a hornet for 1 turns
  2684 | D:4      | Killed a hornet
  2685 | D:4      | Reached skill level 5 in Fighting
  2685 | D:4      | Reached skill level 6 in Axes
  2685 | D:4      | Reached skill level 5 in Armour
  2685 | D:4      | Reached XP level 7. HP: 25/61 MP: 6/6
  2711 | D:4      | HP: 3/61 [poisoned by an adder]
  2713 | D:4      | Slain by an iguana

Illustrated notes

Levels and vault maps discovered:
D:1:      amcnicky_arrival_feature_with_door, layout_loops_ring,
          ebering_ecumenical_altar_abandoned
D:2:      layout_basic
D:3:      layout_loops_ring, ebering_ghost_disaster_area, minmay_snake_closets,
          uniq_robin, uniq_jessica
D:4:      layout_loops_cross, uniq_edmund

Skill      XL: |  1  2  3  4  5  6 |
---------------+-------------------+-----
Shields        | 4 |  4.6
Axes           | 3 4 5 6 |  6.7
Armour         | 4 5 |  5.5
Fighting       | 4 5 |  5.1
Dodging        | 1 |  1.6
Stealth        | |  0.3

Action                   |  1- 3 |  4- 6 |  7- 9 || total
-------------------------+-------+-------+-------++-------
Melee: War axe           |    91 |   104 |    17 ||   212
       Headbutt          |    15 |    12 |     1 ||    28
  Use: Potion            |       |     1 |       ||     1
       Scroll            |       |       |     1 ||     1
Armor: Scale mail        |    55 |    60 |    11 ||   126
Dodge: Dodged            |    35 |    52 |     7 ||    94
Block: Buckler           |    22 |    21 |     4 ||    47

Table legend: (Time is in decaauts)
 A = Elapsed time spent in this place.
 B = Non-inter-level travel time spent in this place.
 C = Inter-level travel time spent in this place.
 D = Time resting spent in this place.
 E = Time spent auto-exploring this place.
 F = Levels seen in this place.
 G = Mean time per level.
                   A        B        C        D        E       F      G
               +--------+--------+--------+--------+--------+-----+--------+
         Total |   2790 |   2790 |      0 |      0 |      0 |   4 |  697.5 |
       Dungeon |   2790 |   2790 |      0 |      0 |      0 |   4 |  697.5 |
               +--------+--------+--------+--------+--------+-----+--------+

Top non-repeatable levels by time:
     D:3: 1121 daAuts
     D:1: 791 daAuts
     D:2: 750 daAuts
     D:4: 127 daAuts
